 Dungeon Crawl Stone Soup version 0.27-a0-1202-ge72e49191c (webtiles) character file.

Game seed: 4042990298247773326

44 Ancestrald the Skirmisher (level 3, 0/35 HPs)
             Began as a Gnoll Wanderer on June 2, 2021.
             Was a Believer of Lugonu.
             Slain by a gnoll
             ... wielding a +0 flail
              (9 damage)
             ... on level 2 of the Dungeon.
             The game lasted 00:17:36 (1601 turns).

Ancestrald the Skirmisher (Gnoll Wanderer)          Turns: 1601, Time: 00:17:37

Health: 0/35       AC:  6    Str: 13    XL:     3   Next: 62%
Magic:  7/7        EV:  8    Int:  9    God:    Lugonu [**....]
Gold:   9          SH:  3    Dex: 12    Spells: 4/7 levels left

rFire    . . .     SeeInvis .   a - +0 short sword
rCold    . . .     Faith    .   t - +0 buckler
rNeg     . . .     Spirit   .   o - +0 scale mail
rPois    .         Reflect  .   (no helmet)
rElec    .         Harm     .   (no cloak)
rCorr    .         Rampage  .   (no gloves)
Will     .....                  (no boots)
Stlth    ..........             (no amulet)
HPRegen  0.11/turn              (no ring)
MPRegen  0.10/turn              (no ring)

@: no status effects
A: fangs 1, strong nose, distributed training
a: Renounce Religion, Depart the Abyss, Bend Space


You were on level 2 of the Dungeon.
You worshipped Lugonu.
Lugonu was pleased with you.
You visited 1 branch of the dungeon, and saw 2 of its levels.

You collected 9 gold pieces.

Inventory:

Hand Weapons
 a - a +0 short sword (weapon)
 d - a +0 dagger
 g - a +0 hunting sling
 k - a +1 whip of venom
 m - a +0 whip
 p - a +0 club
 q - a +0 dagger
 r - a +0 short sword
 s - a +0 club
 u - a +0 club
 v - a +0 dagger
Missiles
 b - 8 silver javelins
 c - 11 poisoned darts (quivered)
 f - 31 stones
Armour
 e - a +0 robe
 o - a +0 scale mail (worn)
 t - a +0 buckler (worn)
Scrolls
 h - 2 scrolls of identify {unknown}
 i - 2 scrolls of blinking {unknown}
 n - a scroll of amnesia {unknown}
 w - a scroll of noise {unknown}
Potions
 j - a potion of curing {unknown}
 l - 2 potions of berserk rage {unknown}


   Skills:
 + Level 6.5 Fighting
 + Level 4.5 Short Blades
 + Level 0.9 Long Blades
 + Level 0.9 Axes
 + Level 0.9 Maces & Flails
 + Level 0.9 Polearms
 + Level 0.9 Staves
 + Level 0.9 Slings
 + Level 0.9 Bows
 + Level 0.9 Crossbows
 + Level 2.6 Throwing
 + Level 0.9 Armour
 + Level 0.9 Dodging
 + Level 0.9 Stealth
 + Level 0.9 Shields
 + Level 0.9 Unarmed Combat
 + Level 2.8 Spellcasting
 + Level 0.6 Conjurations
 + Level 0.6 Hexes
 + Level 2.1 Summonings
 + Level 0.6 Necromancy
 + Level 0.6 Translocations
 + Level 0.6 Transmutations
 + Level 0.6 Fire Magic
 + Level 0.6 Ice Magic
 + Level 2.1 Air Magic
 + Level 0.6 Earth Magic
 + Level 0.6 Poison Magic
 + Level 1.0 Invocations
 + Level 2.6 Evocations


You had 4 spell levels left.
You knew the following spells:

 Your Spells              Type           Power      Damage    Failure   Level
a - Magic Dart            Conj           8%         1d3       86%         1
b - Call Imp              Summ           5%         N/A       80%         2

Your spell library contained the following spells:

 Spells                   Type           Power      Damage    Failure   Level
 Blink                    Tloc           N/A        N/A       95%         2
 Slow                     Hex            2%         N/A       95%         2
 Conjure Flame            Conj/Fire      2%         6-21      99%         3
 Mephitic Cloud           Conj/Pois/Air  3%         N/A       99%         3


Dungeon Overview and Level Annotations

Branches:
Dungeon (2/15)

Altars:
Lugonu

Shops:
D:2 =


Innate Abilities, Weirdness & Mutations

You have very sharp teeth.
Your uncanny sense of smell can sniff out nearby items.
Your experience applies equally to all skills.


Message History

No target in view!
Unknown command.
You open the door.
Found a stone staircase leading up.
A ball python comes into view.
The ball python bites you. The ball python barely misses you.
The ball python bites you but does no damage.
The ball python closely misses you.
You hit the ball python.
You kill the ball python!
Lugonu accepts your kill.
HP restored.
A gnoll comes into view. It is wielding a +0 flail.
The gnoll shouts!
A gnoll comes into view. It is wielding a +0 club.
An endoplasm comes into view.
The gnoll shouts!
You hear an angry hiss.
The gnoll barely misses you.
You hit the gnoll.
The gnoll is lightly wounded.
You hit the gnoll.
The gnoll is moderately wounded.
The gnoll hits you with a +0 flail.
A gnoll comes into view.
It is wielding a +1 halberd of freezing.
You closely miss the gnoll.
The gnoll is moderately wounded.
You block the gnoll's attack. The gnoll hits you but does no damage.
You hit the gnoll but do no damage.
The gnoll is moderately wounded.
The gnoll barely misses you. x2
You hit the gnoll.
The gnoll is severely wounded.
The gnoll hits you with a +0 flail! The gnoll hits you with a +0 club!
The endoplasm hits you but does no damage.
The gnoll hits you with a +0 flail.
* * * LOW HITPOINT WARNING * * *
You open the door. The endoplasm hits you.
* * * LOW HITPOINT WARNING * * *
The gnoll hits you with a +0 flail!
You die...

#.#.# #.# #.. #.#.# #.#
#.. #.#.# #.# #.. #.#.###
#.######### ##. #.....#
######.......... .
#.###.#####....###......#.
. #.#
#..........###.####.# #.#
#..........'......#.# #.#
##.......g@###.##.#.# #.#
#........Jg'<#.##...#
#.###.#####....###.#....#
#.....# #...g# #.#.#.<#.#
## ####### ##...#
#.#.####.#...
#∩..###+#.........
#...†.........#.#
#...............#
#...............###


You could see 3 gnolls and an endoplasm.

Vanquished Creatures
  An adder (D:2)
  A dart slug (D:1)
  An endoplasm (D:1)
  A giant cockroach (D:2)
  2 goblins (D:2)
  2 hobgoblins
  2 jackals (D:1)
  2 ball pythons
  6 bats (D:1)
  3 frilled lizards (D:1)
  4 rats (D:1)
25 creatures vanquished.

Vanquished Creatures (collateral kills)
  A bat (D:1)
  A giant cockroach (D:1)
  A goblin (D:1)
  3 jackals (D:1)
  5 kobolds (D:1)
  A rat (D:1)
12 creatures vanquished.

Vanquished Creatures (others)
  8 plants (D:1)
  14 withered plants (D:1)
22 creatures vanquished.

Grand Total: 59 creatures vanquished

Notes
Turn   | Place    | Note
-------+----------+-------------------------------------------
     0 | D:1      | Ancestrald the Gnoll Wanderer began the quest for the Orb.
     0 | D:1      | Ancestrald set off with the following items: a +0 short
                  | sword, 11 poisoned darts, a +0 dagger, a +0 robe; and the
                  | following spell memorised: Magic Dart; and the following
                  | spells available to memorise: Call Imp, Blink, Slow,
                  | Mephitic Cloud, Conjure Flame
     0 | D:1      | Reached XP level 1. HP: 23/23 MP: 4/4
   233 | D:1      | Reached XP level 2. HP: 26/29 MP: 5/5
   254 | D:1      | Found a faded altar of an unknown god.
   285 | D:1      | Became a worshipper of Lugonu the Unformed
   285 | D:1      | Reached * piety under Lugonu
   285 | D:1      | Reached ** piety under Lugonu
   368 | D:1      | Learned a level 2 spell: Call Imp
  1023 | D:1      | Reached XP level 3. HP: 28/35 MP: 2/7
  1462 | D:2      | Found Oqoipol's Jewellery Boutique.
  1472 | D:2      | Reached skill level 1 in Invocations
  1601 | D:2      | Slain by a gnoll

Illustrated notes

Levels and vault maps discovered:
D:1:      onia_arrival_handbag, layout_basic,
          shapermc_ecumenical_altar_flowoftime
D:2:      layout_basic, serial_shops, shop, basic_altar, minmay_misc_feat_tiny

Skill      XL: |  1  2  3 |
---------------+----------+-----
Summonings     | 2 |  2.1
Air Magic      | 2 |  2.1
Invocations    | 1 |  1.0
Fighting       | |  6.5
Short Blades   | |  4.5
Long Blades    | |  0.9
Axes           | |  0.9
Maces & Flails | |  0.9
Polearms       | |  0.9
Staves         | |  0.9
Slings         | |  0.9
Bows           | |  0.9
Crossbows      | |  0.9
Throwing       | |  2.6
Armour         | |  0.9
Dodging        | |  0.9
Stealth        | |  0.9
Shields        | |  0.9
Unarmed Combat | |  0.9
Spellcasting   | |  2.8
Conjurations   | |  0.6
Hexes          | |  0.6
Necromancy     | |  0.6
Translocations | |  0.6
Transmutations | |  0.6
Fire Magic     | |  0.6
Ice Magic      | |  0.6
Earth Magic    | |  0.6
Poison Magic   | |  0.6
Evocations     | |  2.6

Action                   || total
-------------------------++-------
Melee: Short sword       ||   136
       Bite              ||     9
 Cast: Call Imp          ||    13
 Stab: Sleeping          ||     1
Armor: Robe              ||    28
       Scale mail        ||     8
Dodge: Dodged            ||    86
Block: Buckler           ||     3

Table legend: (Time is in decaauts)
 A = Elapsed time spent in this place.
 B = Non-inter-level travel time spent in this place.
 C = Inter-level travel time spent in this place.
 D = Time resting spent in this place.
 E = Time spent auto-exploring this place.
 F = Levels seen in this place.
 G = Mean time per level.
                   A        B        C        D        E       F      G
               +--------+--------+--------+--------+--------+-----+--------+
         Total |   1585 |   1578 |      7 |    168 |    690 |   2 |  792.5 |
       Dungeon |   1585 |   1578 |      7 |    168 |    690 |   2 |  792.5 |
               +--------+--------+--------+--------+--------+-----+--------+

Top non-repeatable levels by time:
     D:1: 1369 daAuts
     D:2: 215 daAuts
